 Dungeon Crawl Stone Soup version 0.31-a0-833-gc15d34cb79 (webtiles) character file.

Game seed: 3847959718491600563

116 Aneyh the Slasher (level 5, -2/48 HPs)
             Began as a Tengu Monk on Sept 26, 2023.
             Slain by an orc priest
             ... wielding a +3 mace
              (6 damage)
             ... on level 4 of the Dungeon.
             The game lasted 00:05:06 (2627 turns).

Aneyh the Slasher (Tengu Monk)                      Turns: 2627, Time: 00:05:07

Health: -2/48      AC: 22    Str: 12    XL:     5   Next: 0%
Magic:  6/6        EV:  2    Int: 10    God:
Gold:   128        SH:  0    Dex: 18    Spells: 4/4 levels left

rFire   . . .        a - +0 falchion
rCold   . . .        (no shield)
rNeg    . . .        b - melded +0 robe
rPois   +            (helmet currently unavailable)
rElec   .            s - melded +0 cloak
rCorr   .            (gloves currently unavailable)
SInv    .            (boots unavailable)
Will    .....        (no amulet)
Stlth   ++           u - ring of poison resistance
HPRegen 0.28/turn    (no ring)
MPRegen 0.10/turn

%: acrobat
@: brilliant, lethally poisoned (-2 -> -6), tree-form, attractive
A: stationary, stasis, torment immunity, boosted hp, (beak), (talons 3),
acrobatic
a: no special abilities


You were on level 4 of the Dungeon.
You were a tree.
You visited 1 branch of the dungeon, and saw 4 of its levels.

You collected 128 gold pieces.

Inventory:

Hand Weapons
 a - a +0 falchion (weapon)
 h - a +0 war axe
 r - a +0 trident
 x - a +2 dagger of venom
Missiles
 o - 3 javelins (quivered)
Armour
 b - a +0 robe (melded)
 d - an orb of light
 s - a +0 cloak (melded)
Jewellery
 u - a ring of poison resistance (left branch)
Wands
 p - a wand of paralysis (8)
Scrolls
 i - 3 scrolls of teleportation
 j - 2 scrolls of immolation {unknown}
 m - 2 scrolls of poison {unknown}
 n - a scroll of acquirement {unknown}
 q - a scroll of identify {unknown}
 t - a scroll of summoning {unknown}
Potions
 f - a potion of curing
 l - a potion of invisibility {unknown}
 v - a potion of degeneration {unknown}
 w - a potion of haste {unknown}


   Skills:
 - Level 3.0 Fighting
 + Level 6.1 Long Blades
 - Level 3.2 Dodging


You had 4 spell levels left.
You didn't know any spells.
Your spell library was empty.

Dungeon Overview and Level Annotations

Branches:
Dungeon (4/15)
 Temple: D:4-7

Altars:

Annotations:
D:4 Menkaure, Sigmund


Innate Abilities, Weirdness & Mutations

You are a tree.
Your roots penetrate the ground, keeping you stationary.
You cannot be teleported.
You are immune to unholy pain and torment.
Your maximum health is greatly increased.
Your equipment is partially melded.
((You have a beak for a mouth.))
((You have claws for feet.))
You can magically evade attacks while moving or waiting.


Message History

Unknown command.
Unknown command.
Unknown command.
Unknown command.
Unknown command.
Unknown command.
Unknown command.
Unknown command.
You cannot move. (Use ctrl+direction or * direction to attack while stationary and confused.)
There are monsters nearby!
You hit the goblin.
You kill the goblin!
The adder bites you but does no damage. Menkaure hits you but does no damage.
The adder bites you but does no damage.
You have reached level 5!
You swing at nothing.
You feel less invigorated.
You feel less confused.
An orc priest comes into view. It is wielding a +3 mace.
The orc wizard hits you with a +0 dagger of venom.
You are poisoned.
The orc hits you but does no damage. The adder bites you but does no damage.
Menkaure hits you but does no damage. The orc priest is attracted toward you.
You hit the orc wizard but do no damage.
You feel sick.
The orc wizard hits you but does no damage.
The orc hits you with a +0 whip. The adder bites you but does no damage.
Unknown command.
You hit the orc wizard.
The orc wizard is moderately wounded.
You feel sick. The adder bites you but does no damage.
The orc wizard hits you but does no damage.
The orc hits you but does no damage. Menkaure hits you!
* * * LOW HITPOINT WARNING * * *
Unknown command.
It was a potion of brilliance.
You feel clever all of a sudden.
* * * LOW HITPOINT WARNING * * *
You feel sick. The adder bites you but does no damage.
The orc priest hits you with a +3 mace.
You die...

...........$....
......
.....................
.......... .........
###......... .......
##.......!.^ ..#..#
#........... #.#..#
............ ##...#
.).......# #....#
...#....## #o♣S.#
...###.>#
#....oMo...... .###
...##......#.#...$
...#
..####............
...# ....
##.###....... .[.#
.... .. ....... ####
#...... ....... ....
..##


You could see Menkaure, an orc priest, an orc wizard, an adder and an orc.

Vanquished Creatures
  4 adders
  A shadow imp (D:3)
  3 dart slugs
  2 worms
  6 orcs (D:3)
  6 endoplasms
  4 giant cockroaches
  9 goblins
  4 hobgoblins (D:1)
  5 kobolds
  3 ball pythons
  2 frilled lizards (D:1)
  6 rats
55 creatures vanquished.

Notes
Turn   | Place    | Note
-------+----------+-------------------------------------------
     0 | D:1      | Aneyh the Tengu Monk began the quest for the Orb.
     0 | D:1      | Reached XP level 1. HP: 14/14 MP: 2/2
   249 | D:1      | Reached XP level 2. HP: 16/19 MP: 3/3
   304 | D:1      | Reached skill level 4 in Long Blades
   747 | D:2      | Reached XP level 3. HP: 22/23 MP: 4/4
   883 | D:2      | Reached skill level 5 in Long Blades
  1119 | D:2      | Reached XP level 4. HP: 28/28 MP: 5/5
  1803 | D:3      | Found a faded altar of an unknown god.
  2150 | D:3      | Reached skill level 6 in Long Blades
  2446 | D:4      | Noticed Sigmund
  2615 | D:4      | Noticed Menkaure
  2624 | D:4      | Reached XP level 5. HP: 22/32 MP: 6/6
  2627 | D:4      | Slain by an orc priest

Illustrated notes

Levels and vault maps discovered:
D:1:      lemuel_arrival_cross, layout_basic, serial_co_window_serial,
          co_window_of_opportunity_a, co_window_corner_a, co_window_corner_a,
          co_window_cross_1, co_window_corner_a, co_window_corner_b,
          co_window_of_opportunity_c, co_window_of_opportunity_b,
          co_window_4corner_b, co_window_sun, glass_columns_b, glass_columns_a,
          glass_columns_b, glass_columns_a
D:2:      layout_basic, serial_forest, infiniplex_forest_lined_3_way,
          infiniplex_forest_straight_5, infiniplex_forest_zigzag_1,
          infiniplex_forest_lined_room_2, minmay_small_reverse_x
D:3:      layout_loops_cross, ebering_ecumenical_altar_box,
          dreamdust_princess_bridge, corexii_shack
D:4:      layout_cave_pools, temple_doors_e, uniq_menkaure, uniq_sigmund

Skill      XL: |  1  2  3  4 |
---------------+-------------+-----
Long Blades    | 4 5 6 |  6.1
Fighting       | |  3.0
Dodging        | |  3.2

Action                     |  1- 3 |  4- 6 || total
---------------------------+-------+-------++-------
  Melee: Falchion          |    85 |    53 ||   138
         Kick              |    17 |    16 ||    33
         Peck              |    13 |     6 ||    19
         Punch             |       |     2 ||     2
    Use: Potion            |       |     5 ||     5
         Scroll            |       |     1 ||     1
   Stab: Sleeping          |     4 |     3 ||     7
 Armour: Robe              |    25 |    17 ||    42
         Skin              |       |    29 ||    29
  Dodge: Dodged            |    52 |    36 ||    88

Table legend: (Time is in decaauts)
 A = Elapsed time spent in this place.
 B = Non-inter-level travel time spent in this place.
 C = Inter-level travel time spent in this place.
 D = Time resting spent in this place.
 E = Time spent auto-exploring this place.
 F = Levels seen in this place.
 G = Mean time per level.
                   A        B        C        D        E       F      G
               +--------+--------+--------+--------+--------+-----+--------+
         Total |   2635 |   2476 |    159 |    121 |   1836 |   4 |  658.8 |
       Dungeon |   2635 |   2476 |    159 |    121 |   1836 |   4 |  658.8 |
               +--------+--------+--------+--------+--------+-----+--------+

Top non-repeatable levels by time:
     D:2: 925 daAuts
     D:3: 895 daAuts
     D:1: 742 daAuts
     D:4: 71 daAuts
